 Dungeon Crawl Stone Soup version 0.26-a0-720-g2a1d101370 (webtiles) character file.

Game seed: 18069556134441081961

5486 lunkers the Spear-Bearer (level 10, -9/83 HPs)
             Began as a Merfolk Gladiator on Nov 3, 2020.
             Was a High Priest of Ru.
             Mangled by a sun demon (12 damage)
             ... summoned by an orc high priest
             ... on level 1 of the Orcish Mines.
             The game lasted 00:13:20 (7484 turns).

lunkers the Spear-Bearer (Merfolk Gladiator)        Turns: 7484, Time: 00:13:20

Health: -9/83      AC: 12    Str: 14    XL:     10   Next: 69%
Magic:  10/10      EV: 30    Int:  6    God:    Ru [*****.]
Gold:   611        SH:  0    Dex: 19    Spells: 9/9 levels left

rFire    . . .     SeeInvis .   a - +0 glaive
rCold    . . .     Faith    .   (shield currently unavailable)
rNeg     . . .     Spirit   .   R - +0 steam dragon scales
rPois    .         Reflect  .   c - +1 helmet
rElec    .         Harm     .   x - +0 cloak
rCorr    .         Rampage  .   q - +1 pair of gloves
MR       .....                  g - +1 pair of boots
Stlth    ++........             k - amulet of regeneration
HPRegen  0.63/turn              w - +4 ring of evasion
MPRegen  0.12/turn              U - +4 ring of evasion

@: no potions, no scrolls
A: change form in water, swift swim, stealthy swim, dopey 1, inability to drink
while threatened, inability to read while threatened, inexperienced 1
a: Draw Out Power, Power Leap, Apocalypse, Renounce Religion


You were on level 1 of the Orcish Mines.
You worshipped Ru.
Ru was extremely pleased with you.
You visited 2 branches of the dungeon, and saw 10 of its levels.
You also visited: Ossuary.

You collected 611 gold pieces.

Inventory:

Hand Weapons
 a - a +0 glaive (weapon)
 B - a +1 spear of freezing
 C - a +2 vampiric spear
 D - a +0 halberd
 F - a +4 spear
 V - the +8 short sword "Xuegeug" {flame, Str+7 Dex+4}
   (You took it off a gnoll on level 9 of the Dungeon)

   It has been specially enchanted to burn those struck by it, causing extra
   injury to most foes and up to half again as much damage against particularly
   susceptible opponents.
   It affects your strength (+7).
   It affects your dexterity (+4).
 X - a +0 trident
Missiles
 d - 3 throwing nets {=f}
Armour
 c - a +1 helmet (worn)
 g - a +1 pair of boots (worn)
 h - a +0 ring mail
 q - a +1 pair of gloves (worn)
 x - a +0 cloak (worn)
 R - +0 steam dragon scales (worn)
Jewellery
 k - an amulet of regeneration (around neck)
 o - an uncursed ring of positive energy
 t - a +6 ring of dexterity
 w - a +4 ring of evasion (left hand)
 M - an uncursed ring of fire
 O - an uncursed amulet of reflection
 U - a +4 ring of evasion (right hand)
Wands
 r - a wand of iceblast (12)
 N - a wand of flame (13)
 S - a wand of polymorph (8)
 W - a wand of paralysis (7)
Scrolls
 f - 6 scrolls of enchant armour
 j - 5 scrolls of remove curse
 p - 5 scrolls of teleportation
 y - a scroll of fog
 z - a scroll of fear
 A - 3 scrolls of amnesia
 G - a scroll of torment {unknown}
 I - a scroll of enchant weapon {unknown}
 K - a scroll of vulnerability {unknown}
 L - 2 scrolls of blinking {unknown}
 Q - 2 scrolls of identify
 T - a scroll of noise {unknown}
Potions
 b - a potion of haste
 e - 8 potions of heal wounds
 i - 4 potions of stabbing
 l - 13 potions of curing
 m - a potion of flight
 n - a potion of magic
 s - 3 potions of might
 u - 2 potions of invisibility
 v - 2 potions of ambrosia
 E - 2 potions of lignification
 H - a potion of cancellation {unknown}
 J - 2 potions of resistance {unknown}
 P - 2 potions of degeneration {unknown}


   Skills:
 + Level 9.3 Fighting
 + Level 14.3 Polearms
 - Level 2.0 Throwing
 + Level 11.3 Dodging
 - Level 4.0 Evocations


You had 9 spell levels left.
You didn't know any spells.
Your spell library contained the following spells:

 Spells                   Type           Power        Failure   Level
 Freeze                   Ice            #...         45%         1
 Confusing Touch          Hex            #.......     83%         3
 Frozen Ramparts          Ice            #.....       83%         3
 Gell's Gravitas          Tloc           #.........   83%         3
 Ozocubu's Armour         Ice            #.......     83%         3
 Hailstorm                Conj/Ice       #.......     99%         4
 Petrify                  Tmut/Erth      #.......     99%         4
 Summon Ice Beast         Ice/Summ       #.......     99%         4
 Metabolic Englaciation   Hex/Ice        #.........   100%        5
 Yara's Violent Unravell  Hex/Tmut       #.........   100%        5


Dungeon Overview and Level Annotations

Branches:
Dungeon (9/15)             Temple (0/1) D:4            Lair (0/6) D:9
    Orc (1/2) D:9         Ossuary (visited)

Altars:
Gozag
Hepliaklqana
Kikubaaqudgha
Nemelex Xobeh
Qazlal
Ru
Trog
Xom
Zin
The Shining One

Annotations:
D:7 1 runed translucent door, robertstho's ghost, novice DEIE
D:9 2 transporters, robertstho's ghost, novice GnIE


Innate Abilities, Weirdness & Mutations

You revert to your normal form in water.
You are very nimble and swift while swimming.
You are very stealthy in the water. (Stealth+)
You are dopey. (Int -2)
You cannot drink potions while threatened.
You cannot read scrolls while threatened.
You are somewhat inexperienced. (-2 XL)


Message History

You redirect the orc high priest's attack!
Unknown command.
Attack whom?
Press: ? - help, Dir - move target cursor, f/p - orc high priest
Aim: an orc high priest, wielding a +0 trident (moderately wounded)
The sun demon is in the way.
You hit the sun demon.
The sun demon is lightly wounded.
The sixfirhy hits you!
* * * LOW HITPOINT WARNING * * *
The sixfirhy shocks you!
* * * LOW HITPOINT WARNING * * *
The sixfirhy hits you.
* * * LOW HITPOINT WARNING * * *
The sixfirhy shocks you!
* * * LOW HITPOINT WARNING * * *
You focus your will and illuminate the sixfirhy in retribution!
The sixfirhy barely misses you. The sun demon hits you!
* * * LOW HITPOINT WARNING * * *
You are engulfed in flames!
You die...

# .## ..##
### ....
#..o#####..
###..3@4#.#
#.....3...#
#$...##..o#
.... ##...#
... #.....o
#.
#....###.#
# #...#. .#
.....#. .#
...... #


You could see an orc high priest, a sun demon (summoned), a hellwing (summoned),
a sixfirhy (summoned, corona), an orc warrior and an orc priest.

Vanquished Creatures
  Psyche (D:9)
  2 trolls
  A wraith (D:8)
  Grum (D:9)
  2 steam dragons
  A warg (D:9)
  8 orc warriors
  A sky beast (D:8)
  3 ice beasts
  3 ogres
  An eye of draining (D:8)
  4 centaurs
  3 wolves (D:9)
  A gnoll sergeant (D:6)
  6 bullfrogs
  2 scorpions
  5 wights
  10 killer bees
  A howler monkey (D:8)
  2 centaur zombies (Ossuary)
  A jelly (D:7)
  4 hounds
  3 orc priests
  8 orc wizards
  A bullfrog skeleton (D:9)
  3 iguanas
  5 worker ants
  A big kobold zombie (Ossuary)
  3 ogre zombies (Ossuary)
  A hound skeleton (D:5)
  7 mummies (Ossuary)
  2 howler monkey skeletons
  8 gnolls
  14 adders
  A shadow imp (D:9)
  3 white imps
  An ufetubus (D:5)
  An ooze (D:1)
  An adder skeleton (D:4)
  3 adder zombies (Ossuary)
  4 worms (D:2)
  7 dart slugs
  6 leopard geckos
  42 orcs
  2 ball pythons (D:2)
  4 giant cockroaches
  12 hobgoblins
  5 jackals
  9 kobolds
  4 quokkas
  10 bats
  6 frilled lizards
  4 goblins
  4 goblin zombies (Ossuary)
  7 hobgoblin zombies (Ossuary)
  A jackal skeleton (D:5)
  4 kobold zombies (Ossuary)
  A quokka skeleton (D:9)
  3 quokka zombies
  7 rats
  4 rat zombies (Ossuary)
275 creatures vanquished.

Vanquished Creatures (others)
  A wolf (D:9)
  An adder zombie (D:9)
  An orc (D:5)
  A plant (D:1)
  7 withered plants (D:9)
11 creatures vanquished.

Grand Total: 286 creatures vanquished

Notes
Turn   | Place    | Note
-------+----------+-------------------------------------------
     0 | D:1      | lunkers the Merfolk Gladiator began the quest for the Orb.
     0 | D:1      | Reached XP level 1. HP: 16/16 MP: 1/1
   132 | D:1      | Reached XP level 2. HP: 23/23 MP: 2/2
   182 | D:1      | Reached skill level 5 in Polearms
   453 | D:1      | Reached XP level 3. HP: 25/28 MP: 3/3
   797 | D:2      | Reached XP level 4. HP: 34/34 MP: 4/4
   813 | D:2      | Reached skill level 6 in Polearms
  1221 | D:2      | Reached skill level 5 in Dodging
  1236 | D:2      | Found a sacrificial altar of Ru.
  1246 | D:2      | Reached XP level 5. HP: 41/41 MP: 5/5
  1255 | D:2      | Became a worshipper of Ru the Awakened
  1692 | D:3      | Reached skill level 7 in Polearms
  1872 | D:3      | Noticed an orc warrior
  1900 | D:3      | HP: 2/41 [orc priest/divine providence (14)]
  1984 | D:2      | Killed an orc warrior
  1984 | D:2      | Reached XP level 6. HP: 33/48 MP: 6/6
  2252 | D:3      | Reached skill level 8 in Polearms
  2321 | D:3      | Found a stormy altar of Qazlal.
  2329 | D:3      | Gained mutation: You cannot drink potions while threatened.
                  | [Ru sacrifice]
  2329 | D:3      | Reached * piety under Ru
  2456 | D:3      | Found a bloodstained altar of Trog.
  2610 | D:4      | Found a staircase to the Ecumenical Temple.
  2862 | D:4      | Reached XP level 7. HP: 54/54 MP: 7/7
  3405 | D:5      | Entered Level 5 of the Dungeon
  3414 | D:5      | Found an opulent altar of Gozag.
  3626 | D:5      | Found a sparkling altar of Nemelex Xobeh.
  3709 | D:5      | Reached skill level 9 in Polearms
  3842 | D:5      | Reached skill level 5 in Fighting
  4149 | D:6      | Gained mutation: You are somewhat inexperienced. (-2 XL)
                  | [Ru sacrifice]
  4149 | D:6      | Reached XP level 6. HP: 51/51 MP: 6/6
  4149 | D:6      | Reached XP level 5. HP: 44/44 MP: 5/5
  4149 | D:6      | Reached ** piety under Ru
  4149 | D:6      | Reached *** piety under Ru
  4186 | D:6      | Reached XP level 6. HP: 44/51 MP: 6/6
  4198 | D:6      | Reached skill level 10 in Polearms
  4588 | D:6      | Reached XP level 7. HP: 56/56 MP: 7/7
  4818 | D:6      | Reached skill level 11 in Polearms
  4865 | D:7      | Reached XP level 8. HP: 64/64 MP: 8/8
  4935 | D:7      | Noticed a troll
  4946 | D:7      | Killed a troll
  4946 | D:7      | Reached skill level 12 in Polearms
  5054 | D:7      | Found a sand-covered staircase.
  5096 | Ossuary  | Entered an ossuary
  5366 | Ossuary  | Gained mutation: You are dopey. (Int -2) [Ru sacrifice]
  5460 | Ossuary  | Reached XP level 9. HP: 67/71 MP: 9/9
  5666 | D:7      | Reached skill level 1 in Evocations
  5685 | D:7      | Found a runed translucent door.
  5688 | D:7      | Noticed robertstho's ghost (novice DEIE)
  6101 | D:8      | Found a glowing golden altar of the Shining One.
  6102 | D:8      | Reached skill level 13 in Polearms
  6166 | D:8      | Found a glowing silver altar of Zin.
  6603 | D:9      | Noticed a troll
  6604 | D:9      | Noticed a two-headed ogre
  6604 | D:9      | Noticed robertstho's ghost (novice GnIE)
  6604 | D:9      | Noticed a cyclops
  6604 | D:9      | Noticed a moth of wrath
  6611 | D:9      | Found a staircase to the Orcish Mines.
  6621 | D:9      | Found a transporter.
  6631 | D:9      | Noticed a troll
  6655 | D:9      | Killed a troll
  6655 | D:9      | Reached skill level 14 in Polearms
  6655 | D:9      | Reached XP level 10. HP: 76/80 MP: 10/10
  6665 | D:9      | Reached skill level 10 in Dodging
  6796 | D:9      | Found an ancient bone altar of Kikubaaqudgha.
  6799 | D:9      | Identified the +8 short sword "Xuegeug" {flame, Str+7
                  | Dex+4}
  6885 | D:9      | Gained mutation: You cannot read scrolls while threatened.
                  | [Ru sacrifice]
  6885 | D:9      | Reached **** piety under Ru
  6885 | D:9      | Reached ***** piety under Ru
  6954 | D:9      | Noticed Psyche
  6959 | D:9      | Killed Psyche
  6969 | D:9      | Found a transporter.
  6972 | D:9      | Found a bloodstained altar of Trog.
  6981 | D:9      | Found a hazy altar of Hepliaklqana.
  6982 | D:9      | Found a shimmering altar of Xom.
  6983 | D:9      | Noticed a spectral ugly thing
  6992 | D:9      | Noticed Grum
  7024 | D:9      | Killed Grum
  7237 | D:9      | Found a staircase to the Lair.
  7321 | Orc:1    | Entered Level 1 of the Orcish Mines
  7321 | Orc:1    | Noticed an orc high priest
  7437 | Orc:1    | Noticed a rust devil
  7481 | Orc:1    | Noticed a sixfirhy
  7481 | Orc:1    | Noticed a sun demon
  7484 | Orc:1    | HP: 3/83 [sun demon[an orc high priest] (15)]
  7484 | Orc:1    | Mangled by a sun demon

Illustrated notes

Levels and vault maps discovered:
D:1:      heliophobic_arrival_battle_scene, layout_rooms, serial_bayou_lagoon_a,
          chequers_arboretum, chequers_serial_rivers_room_b
D:2:      minmay_razor_zed, layout_loops_ring, nicolae_ru_sacrificial_ziggurat
D:3:      layout_basic, lemuel_crystal_altar, bloody_trog
D:4:      layout_basic, minmay_temple_entry_stoned_glass
D:5:      layout_rooms, basic_altar, nemelex_altar_shiori
D:6:      layout_gridville, nicolae_underground_beach
D:7:      layout_basic, ebering_ghost_reflecting_pool,
          nicolae_ossuary_entry_ruins
D:8:      layout_cave_pools, grunt_temple_overflow_open
D:9:      layout_roguey, regret_index_temple_of_mockery,
          kiku_gazebo_garden_becter, lair_entry_dummy, david_orc_2,
          gammafunk_ghost_wrathful_warriors, uniq_grum, uniq_psyche
Orc:1:    layout_diamond_mine, basic_altar, serial_shops,
          nicolae_shop_behind_doors

Skill      XL: |  1  2  3  4  5  6  7  8  9 10 |
---------------+-------------------------------+-----
Polearms       | 5 6 7 10 11 12 14 | 14.3
Fighting       | 3 4 6 7 9 |  9.3
Dodging        | 5 7 8 9 11 | 11.3
Evocations     | 3 4 |  4.0
Throwing       | |  2.0

Action                   |  1- 3 |  4- 6 |  7- 9 | 10-12 || total
-------------------------+-------+-------+-------+-------++-------
Melee: Trident           |    94 |   298 |   117 |       ||   509
       Halberd           |       |    12 |   340 |   129 ||   481
       Glaive            |       |       |       |   106 ||   106
Invok: Sacrifice Experie |       |     1 |       |       ||     1
       Sacrifice Drink   |       |     1 |       |       ||     1
       Sacrifice Purity  |       |       |     1 |       ||     1
       Sacrifice Words   |       |       |       |     1 ||     1
  Use: Scroll            |     7 |     7 |     7 |       ||    21
 Stab: Sleeping          |       |     1 |    10 |     2 ||    13
       Distracted        |       |       |     1 |     1 ||     2
       Invisible         |       |       |     1 |       ||     1
Armor: Scale mail        |    31 |     3 |       |       ||    34
       Leather armour    |     1 |       |       |       ||     1
       Ring mail         |       |    66 |    66 |       ||   132
       Steam dragon scal |       |       |     7 |    22 ||    29
Dodge: Dodged            |    50 |   186 |   289 |   248 ||   773

Table legend: (Time is in decaauts)
 A = Elapsed time spent in this place.
 B = Non-inter-level travel time spent in this place.
 C = Inter-level travel time spent in this place.
 D = Time resting spent in this place.
 E = Time spent auto-exploring this place.
 F = Levels seen in this place.
 G = Mean time per level.
                   A        B        C        D        E       F      G
               +--------+--------+--------+--------+--------+-----+--------+
         Total |   7383 |   7107 |    276 |     56 |   5135 |  11 |  671.2 |
       Dungeon |   6955 |   6679 |    276 |     56 |   4931 |   9 |  772.8 |
  Orcish Mines |     27 |     27 |      0 |      0 |      0 |   1 |   27.0 |
       Ossuary |    399 |    399 |      0 |      0 |    204 |   1 |  399.0 |
               +--------+--------+--------+--------+--------+-----+--------+

Top non-repeatable levels by time:
     D:2: 1121 daAuts
     D:3: 973 daAuts
     D:9: 851 daAuts
     D:6: 834 daAuts
     D:4: 800 daAuts
     D:7: 779 daAuts
     D:8: 552 daAuts
     D:5: 552 daAuts
     D:1: 490 daAuts
 Ossuary: 399 daAuts
   Orc:1: 27 daAuts
